 Dungeon Crawl Stone Soup version 0.18-a0-1347-gb9e2fb4 (console) character file.

3276 utis the Quickloader (level 9, -3/82 HPs)
             Began as a Deep Dwarf Hunter on Feb 17, 2016.
             Was a Believer of Trog.
             Slain by an Executioner (18 damage)
             ... on level 1 of the Abyss.
             The game lasted 00:38:50 (9543 turns).

utis the Quickloader (Deep Dwarf Hunter)            Turns: 9543, Time: 00:38:51

Health: -3/82      AC: 17    Str: 18    XL:     9   Next: 68%
Magic:  6/6        EV:  8    Int: 12    God:    Trog [**....]
Gold:   230        SH:  5    Dex: 14    Spells: 0 memorised, 8 levels left

rFire  . . .     SeeInvis +     a - +2 hand axe (elec)
rCold  + . .     Gourm    .     X - +0 plate armour of the Dropbear {SInv} (curse)
rNeg   . . .     Faith    .     (no shield)
rPois  .         Spirit   .     (no helmet)
rElec  .         Dismiss  .     t - +1 cloak {+Inv}
rCorr  .         Reflect  +     y - +1 pair of gloves
SustAt .         Harm     .     (no boots)
MR     +....                    P - +5 amulet of reflection
Stlth  ..........               (no ring)
                                C - ring of protection from cold

@: very slightly contaminated, non-regenerating, diseased, somewhat resistant to
hostile enchantments, extremely unstealthy
A: damage resistance, recharge devices, sense surroundings 2, slow regeneration
3
a: Device Recharging, Berserk, Trog's Hand, Burn Spellbooks, Renounce Religion,
Evoke Invisibility


You were on level 1 of the Abyss.
You worshipped Trog.
Trog was pleased with you.
You were very hungry.

You visited 1 branch of the dungeon, and saw 8 of its levels.
You visited the Abyss 1 time.

You collected 412 gold pieces.
You spent 182 gold pieces at shops.

Inventory:

Hand Weapons
 a - a +2 hand axe of electrocution (weapon)
 b - a +2 hand crossbow
 d - a +0 hunting sling
 O - a +2 spear of venom
Missiles
 j - 63 sling bullets
 o - 12 bolts
 p - 164 stones (quivered)
 u - 19 poisoned needles
 K - 4 tomahawks of returning
 S - 15 bolts of frost
 V - 13 tomahawks
Armour
 c - a +0 leather armour
 i - a +0 cloak
 l - a +0 chain mail
 q - a +0 plate armour
 t - a +1 cloak of invisibility (worn)
 y - a +1 pair of gloves (worn)
 W - a +0 hat
 X - the cursed +0 plate armour of the Dropbear (worn) {SInv}
   (You found it on level 7 of the Dungeon)

   It lets you see invisible.
   It has a curse placed upon it.
Jewellery
 B - an uncursed amulet of rage
 C - a ring of protection from cold (left hand)
 P - a +5 amulet of reflection (around neck)
Wands
 e - a wand of heal wounds (5/9) {@v2}
 h - a wand of polymorph (8/24)
 Y - a wand of random effects (10/48)
Scrolls
 n - 7 scrolls of remove curse {@r2}
 x - 4 scrolls of fear
 D - a scroll of fog {unknown}
 G - 2 scrolls of enchant weapon
 I - a scroll of magic mapping
 M - a scroll of immolation {unknown}
 N - a scroll of amnesia {unknown}
 Q - a scroll of blinking
Potions
 k - 3 potions of flight
 s - 3 potions of cure mutation {!q}
 w - a potion of brilliance
 z - 2 potions of degeneration
 A - a potion of agility
 F - a potion of resistance
 H - a potion of haste {unknown}
 L - a potion of ambrosia {unknown}
 R - a potion of berserk rage {unknown}
Books
 v - a book of Ice

   Spells                             Type                      Level
   a - Ice Form                       Ice/Transmutation            4
   b - Metabolic Englaciation         Hexes/Ice                    5
   c - Ozocubu's Refrigeration        Ice                          6
   d - Bolt of Cold                   Conjuration/Ice              6
   e - Freezing Cloud                 Conjuration/Ice/Air          6
   f - Simulacrum                     Ice/Necromancy               6
   Trog disapproves of the use of such an item.
Miscellaneous
 Z - a lamp of fire
Comestibles
 f - 8 bread rations {@e1}
 g - 3 meat rations {@e1}
 J - 8 slices of pizza {@e2}
 T - a fruit {@e2}
 U - 3 beef jerkies {@e2}


   Skills:
 + Level 6.0 Fighting
 * Level 10.8 Crossbows
 + Level 6.1 Armour
 + Level 6.6 Dodging
 - Level 1.2 Stealth


You had 8 spell levels left.
You didn't know any spells.

Dungeon Overview and Level Annotations

Branches:
Dungeon (8/15)             Temple (0/1) D:7
   Lair: D:8-11

Altars:
Dithmenos
Okawaru
Pakellas
Qazlal
Trog
Xom

Shops:
D:5 (*[[   D:7 *

Annotations:
D:3 exclusion: downstairs


Innate Abilities, Weirdness & Mutations

You are resistant to damage.
You can recharge devices by infusing magical energy.
You passively map the area around you.
You do not regenerate naturally.


Message History

The Executioner barely misses you.
The Executioner hits you but does no damage.
The Executioner hits you.
* * * LOW HITPOINT WARNING * * *
You block the Executioner's attack.
The Executioner hits you but does no damage. x2
You feel ill.
Unknown command.
The Executioner gestures at you. You resist with some effort.
The Executioner completely misses you. The Executioner hits you.
* * * LOW HITPOINT WARNING * * *
The Executioner hits you but does no damage.
You block the Executioner's attack. The Executioner hits you.
* * * LOW HITPOINT WARNING * * *
The Executioner hits you but does no damage.
The Executioner barely misses you. The Executioner closely misses you.
The Executioner hits you but does no damage.
The Executioner hits you!!
You die...

..▒ ▓░░ . . .... .. ░
░ ...▓..░░░.░... .
▒░....░.▒.░.░░ ░░ ░ .
▒.....░...... .░.░░ .
▒░.▓.▓....░.░ ░... .
▒.........▒. ░░.░░░░
▓...g░ ░5░▒░░░.......
▒.░.░1░░░.555. ......
░....h.55.35.........
▓░░░.░░░░░░░░░░░.. ░░
░.. .........X ░░░░
░▓░░░░░░ ░ ░


You could see an Executioner and a hell hog.

Vanquished Creatures
  Prince Ribbit (D:7)
  Grinder (D:4)
  A human (D:7)
  Eustachio (D:4)
  Menkaure (D:6)
  Duvessa (D:4)
  A necrophage (D:8)
  3 orc warriors
  4 ice beasts
  3 ogres
  2 centaurs (D:5)
  2 giant frogs (D:7)
  Dowan (D:4)
  3 scorpions
  2 crimson imps
  4 hounds
  Crazy Yiuf (D:2)
  An orc priest (D:6)
  A centaur skeleton (D:6)
  2 giant frog skeletons
  2 iguanas (D:4)
  5 worker ants
  An orc wizard (D:7)
  4 sheep (D:7)
  A killer bee zombie (D:6)
  A hound zombie (D:5)
  2 worker ant zombies
  3 gnolls (D:4)
  7 adders
  A shadow imp (D:5)
  An adder zombie (D:7)
  2 adder skeletons
  4 worms
  5 giant geckos
  20 orcs
  11 bats
  5 giant cockroaches
  11 goblins
  12 hobgoblins
  4 jackals (D:4)
  4 quokkas
  2 ball pythons
  5 giant newts
  A jackal skeleton (D:3)
  9 kobolds
  A quokka zombie (D:7)
  7 rats
167 creatures vanquished.

Vanquished Creatures (others)
  A worm (D:2)
  A bat (D:2)
  4 starspawn tentacles (Abyss:1)
  12 starspawn tentacle segments (Abyss:1)
18 creatures vanquished.

Grand Total: 185 creatures vanquished

Notes
Turn   | Place    | Note
--------------------------------------------------------------
     0 | D:1      | utis the Deep Dwarf Hunter began the quest for the Orb.
     0 | D:1      | Reached XP level 1. HP: 19/19 MP: 1/1
   226 | D:1      | Reached XP level 2. HP: 21/26 MP: 2/2
   529 | D:1      | Reached skill level 5 in Crossbows
  1028 | D:2      | Reached XP level 3. HP: 32/32 MP: 3/3
  1130 | D:2      | Found a shadowy altar of Dithmenos.
  1758 | D:2      | Noticed Crazy Yiuf
  1771 | D:2      | Killed Crazy Yiuf
  1771 | D:2      | Reached XP level 4. HP: 38/40 MP: 4/4
  2386 | D:3      | Reached skill level 6 in Crossbows
  3050 | D:3      | Found a bloodstained altar of Trog.
  3229 | D:3      | Became a worshipper of Trog the Wrathful
  3535 | D:4      | Found a shimmering altar of Xom.
  3535 | D:4      | Noticed Dowan
  3537 | D:4      | Noticed Duvessa
  3555 | D:3      | Reached XP level 5. HP: 28/49 MP: 5/5
  3657 | D:4      | Noticed Eustachio
  3680 | D:4      | Killed Eustachio
  3680 | D:4      | Reached skill level 7 in Crossbows
  3680 | D:4      | Reached skill level 1 in Armour
  3680 | D:4      | Reached XP level 6. HP: 51/56 MP: 6/6
  3841 | D:4      | Noticed Grinder
  3851 | D:4      | Paralysed by Grinder for 7 turns
  3861 | D:4      | Killed Grinder
  3861 | D:4      | Reached XP level 7. HP: 40/63 MP: 7/7
  4322 | D:4      | Reached * piety under Trog
  4353 | D:4      | Killed Duvessa
  4353 | D:4      | Reached skill level 8 in Crossbows
  4357 | D:4      | Killed Dowan
  4676 | D:5      | Entered Level 5 of the Dungeon
  4676 | D:5      | Found Hergha Juivu's Assorted Antiques.
  4816 | D:4      | Reached XP level 8. HP: 48/72 MP: 7/7
  4949 | D:5      | Bought a pair of runed gloves for 126 gold pieces
  4949 | D:5      | Bought a scroll of identify for 56 gold pieces
  5467 | D:5      | Found Tarr's Antique Armour Shoppe.
  5476 | D:5      | Found a stormy altar of Qazlal.
  5490 | D:5      | Noticed an air elemental
  5664 | D:5      | Reached skill level 9 in Crossbows
  5706 | D:5      | Found Vuilaunk's Antique Weapon Boutique.
  5722 | D:5      | Found an oddly glowing altar of Pakellas.
  5905 | D:5      | Found Giceugh's Armour Emporium.
  5961 | D:6      | Noticed Menkaure
  6005 | D:6      | You fall through a shaft for 2 floors!
  6020 | D:8      | Reached skill level 5 in Dodging
  6241 | D:7      | Found Wugudana's Assorted Antiques.
  6329 | D:7      | Reached skill level 5 in Fighting
  6467 | D:7      | Reached ** piety under Trog
  6474 | D:7      | Got a bloodstained plate armour
  6508 | D:7      | Identified the cursed +0 plate armour of the Dropbear {SInv} (You found it on level 7 of the Dungeon)
  6731 | D:7      | Reached skill level 5 in Armour
  6731 | D:7      | Gained mutation: You passively map the area around you. [Deep Dwarf growth]
  6731 | D:7      | Reached XP level 9. HP: 72/81 MP: 8/8
  6893 | D:7      | Reached skill level 10 in Crossbows
  7050 | D:7      | Noticed Prince Ribbit
  7083 | D:7      | Killed Prince Ribbit
  7475 | D:6      | Found a shimmering altar of Xom.
  8570 | D:6      | sigh
  8572 | D:6      | Killed Menkaure
  8937 | D:7      | Found a staircase to the Ecumenical Temple.
  9211 | D:8      | Found an iron altar of Okawaru.
  9273 | D:8      | Cast into level 1 of the Abyss (gnoll)
  9383 | Abyss:1  | Found a corrupted altar of Lugonu.
  9394 | Abyss:1  | Noticed a bone dragon
  9406 | Abyss:1  | Noticed an orange demon
  9422 | Abyss:1  | Found a corrupted altar of Lugonu.
  9494 | Abyss:1  | Noticed a tentacled starspawn
  9527 | Abyss:1  | Noticed an ancient zyme
  9535 | Abyss:1  | Noticed an Executioner
  9537 | Abyss:1  | Noticed a hell hog
  9543 | Abyss:1  | Slain by an Executioner

Vault maps used:
D:1:      sevenhm_arrival_forest_fort_small_6
D:2:      old_standard_altar, lemuel_flame_loot_1, uniq_crazy_yiuf_cottage
D:3:      trog_three_pillars_becter
D:4:      serial_bayou, serial_bayou_ford_a, serial_bayou_shore_b,
          serial_bayou_crossing, serial_bayou_pond_e, first_bread,
          xom_teletrap_fun, uniq_grinder, uniq_duvessa, uniq_eustachio
D:5:      grunt_pakellas_sulfur, nicolae_qazlal_style_of_elements, serial_shops,
          shop, shop, kennysheep_little_box, nicolae_shop_overgrown_old_shop
D:6:      basic_altar, minivault_5, uniq_menkaure
D:7:      minmay_temple_entry_fiery, serial_shops, shop, serial_corexii_hall,
          corexii_hall_statues_l, corexii_hall_statues_t, grunt_livestock,
          uniq_prince_ribbit1
D:8:      grunt_temple_overflow_order_and_chaos_2, okawaru_trees_2,
          gammafunk_temple_overflow_claw, makhleb_altar_promises_db, uniq_psyche

Action                   |  1- 3 |  4- 6 |  7- 9 || total
-------------------------+-------+-------+-------++-------
Melee: Club              |    19 |       |       ||    19
       Short sword       |    84 |    59 |       ||   143
       Hand axe          |       |    70 |   311 ||   381
 Fire: Hand crossbow     |    13 |    15 |    26 ||    54
       Hunting sling     |    36 |    72 |    71 ||   179
Throw: Stone             |    11 |     1 |     2 ||    14
Invok: Berserk           |       |       |    15 ||    15
       Trog's Hand       |       |       |     3 ||     3
 Abil: Device Recharging |       |       |     3 ||     3
       Evoke Invisibilit |       |       |     1 ||     1
Evoke: Wand              |     1 |     3 |    11 ||    15
  Use: Scroll            |     3 |     4 |    10 ||    17
       Potion            |       |       |     2 ||     2
  Eat: Chunk             |     3 |     6 |    30 ||    39
       Beef jerky        |       |       |     1 ||     1
       Fruit             |       |       |     3 ||     3
